 Dungeon Crawl Stone Soup version 0.31-a0-986-g5e6e4ef867 (webtiles) character file.

Game seed: 2050503179705723557

26 Dittersdorf the Trooper (level 3, -4/29 HPs)
             Began as a Human Fighter on Nov 9, 2023.
             Slain by an iguana (7 damage)
             ... on level 3 of the Dungeon.
             The game lasted 00:01:10 (894 turns).

Dittersdorf the Trooper (Human Fighter)              Turns: 894, Time: 00:01:11

Health: -4/29      AC: 12    Str: 18    XL:     3   Next: 22%
Magic:  3/3        EV:  7    Int:  8    God:
Gold:   92         SH:  4    Dex: 12    Spells: 2/2 levels left

rFire   . . .        a - +0 long sword
rCold   . . .        c - +0 buckler
rNeg    + . .        l - +0 chain mail
rPois   .            k - +2 helmet
rElec   .            (no cloak)
rCorr   .            (no gloves)
SInv    .            (no boots)
Will    .....        (no amulet) Stlth
                     i - ring of positive energy
HPRegen 0.24/turn    (no ring)
MPRegen 0.08/turn

%: no passive effects
@: no status effects
A: no striking features
a: no special abilities


You were on level 3 of the Dungeon.
You visited 1 branch of the dungeon, and saw 3 of its levels.

You collected 92 gold pieces.

Inventory:

Hand Weapons
 a - a +0 long sword (weapon)
Armour
 c - a +0 buckler (worn)
 k - a +2 helmet (worn)
 l - a +0 chain mail (worn)
Jewellery
 i - a ring of positive energy (left hand)
Scrolls
 b - a scroll of revelation {unknown}
 e - 2 scrolls of teleportation {unknown}
 f - 3 scrolls of identify {unknown}
 g - a scroll of vulnerability {unknown}
 j - a scroll of amnesia {unknown}
 o - a scroll of enchant armour {unknown}
Potions
 d - 2 potions of might
 h - a potion of enlightenment {unknown}
 m - a potion of attraction {unknown}
 n - a potion of heal wounds {unknown}


   Skills:
 + Level 3.3 Fighting
 + Level 2.4 Long Blades
 + Level 3.3 Armour
 + Level 3.2 Shields


You had 2 spell levels left.
You didn't know any spells.
Your spell library contained the following spells:

 Spells                   Type           Power      Damage    Failure   Level
 Summon Small Mammal      Summ           0%         N/A       99%         1
 Call Canine Familiar     Summ           0%         N/A       100%        3
 Gell's Gravitas          Tloc           0%         N/A       100%        3
 Summon Guardian Golem    Hex/Summ       0%         N/A       100%        3
 Teleport Other           Tloc           0%         N/A       100%        3
 Dispersal                Tloc           0%         N/A       100%        6


Dungeon Overview and Level Annotations

Branches:
Dungeon (3/15)

Altars:

Shops:
D:1 *

Annotations:
D:3 1 runed translucent door, Crazy Yiuf


Message History

The orc hits you but does no damage. The iguana bites you.
You are too injured to fight recklessly!
You are too injured to fight recklessly!
You are too injured to fight recklessly!
You are too injured to fight recklessly!
You are too injured to fight recklessly!
You are too injured to fight recklessly!
You are too injured to fight recklessly!
You are too injured to fight recklessly!
You are too injured to fight recklessly!
You are too injured to fight recklessly!
You are too injured to fight recklessly!
You are too injured to fight recklessly!
You are too injured to fight recklessly!
You are too injured to fight recklessly!
You are too injured to fight recklessly!
You are too injured to fight recklessly!
You are too injured to fight recklessly!
The orc throws a boomerang.
You block the boomerang.
You see here a bat corpse.
The iguana bites you but does no damage.
There is an open door here.
The iguana attacks as it pursues you! The iguana bites you.
You closely miss the iguana.
The iguana is moderately wounded.
The iguana barely misses you.
You hit the iguana.
The iguana is severely wounded.
The iguana bites you but does no damage.
You closely miss the iguana.
The iguana is severely wounded.
The iguana bites you!
* * * LOW HITPOINT WARNING * * *
You barely miss the iguana.
The iguana is severely wounded.
You block the iguana's attack. The iguana barely misses you.
You completely miss the iguana.
The iguana is severely wounded.
The iguana bites you!
You die...

♣♣.♣♣ #.##.....#
♣.♣♣ #.##.....#
♣♣.♣ #.##.....#
♣.♣♣ #...†....#
♣♣.♣ #.....####
#+# #.....# ...
#.....# #...#
#'##### #..)#
#@# ##### #l# .
#o#####...
######†..>.....
..............<.
..#.............
#.............
#........|....
########.....#


You could see an iguana and an orc.

Vanquished Creatures
  A dart slug (D:2)
  2 endoplasms (D:2)
  5 goblins
  3 hobgoblins
  A kobold (D:2)
  A quokka (D:3)
  2 ball pythons (D:2)
  5 bats
  A frilled lizard (D:1)
  3 rats
24 creatures vanquished.

Notes
Turn   | Place    | Note
-------+----------+-------------------------------------------
     0 | D:1      | Dittersdorf the Human Fighter began the quest for the Orb.
     0 | D:1      | Reached XP level 1. HP: 18/18 MP: 1/1
    49 | D:1      | Found a faded altar of an unknown god.
    96 | D:1      | Found Ogamp's General Store.
   251 | D:1      | Reached XP level 2. HP: 24/24 MP: 2/2
   638 | D:2      | Reached XP level 3. HP: 28/29 MP: 3/3
   795 | D:2      | You fall into a shaft and drop 1 floor!
   830 | D:3      | Identified the +10 hammer "Gaddil" {venom, rC- Str+2 Int+4}
   833 | D:3      | Found a runed translucent door.
   834 | D:3      | Noticed Crazy Yiuf
   894 | D:3      | Slain by an iguana

Illustrated notes

Levels and vault maps discovered:
D:1:      nzn_arrival_crosshair, layout_rooms,
          hellmonk_ecumenical_altar_run_dry, serial_shops, shop,
          skrybe_limestone_x
D:2:      layout_loops_ring, feat_on_display
D:3:      layout_basic, uniq_crazy_yiuf_cottage, uniq_sigmund

Action                     || total
---------------------------++-------
  Melee: Long sword        ||    67
 Armour: Scale mail        ||    10
         Chain mail        ||    53
  Dodge: Dodged            ||    30
  Block: Buckler           ||    15

Table legend: (Time is in decaauts)
 A = Elapsed time spent in this place.
 B = Non-inter-level travel time spent in this place.
 C = Inter-level travel time spent in this place.
 D = Time resting spent in this place.
 E = Time spent auto-exploring this place.
 F = Levels seen in this place.
 G = Mean time per level.
                   A        B        C        D        E       F      G
               +--------+--------+--------+--------+--------+-----+--------+
         Total |    915 |    895 |     20 |      0 |    674 |   3 |  305.0 |
       Dungeon |    915 |    895 |     20 |      0 |    674 |   3 |  305.0 |
               +--------+--------+--------+--------+--------+-----+--------+

Top non-repeatable levels by time:
     D:1: 471 daAuts
     D:2: 339 daAuts
     D:3: 104 daAuts
